 Dungeon Crawl Stone Soup version 0.31.0-9-g3a7656b989 (webtiles) character file.

Game seed: 1606307119003926979

141 qw the Shooter (level 4, -5/36 HPs)
             Began as a Demigod Hunter on Feb 2, 2024.
             Slain by a sleepcap (8 damage)
             ... on level 4 of the Dungeon.
             The game lasted 00:00:09 (2234 turns).

qw the Shooter (Demigod Hunter)                     Turns: 2234, Time: 00:00:10

Health: -5/36      AC:  7    Str: 12    XL:     4   Next: 73%
Magic:  6/6        EV:  2    Int: 11    God:
Gold:   148        SH:  0    Dex: 21    Spells: 3/3 levels left

rFire   . . .        a - +0 shortbow
rCold   . . .        (shield currently unavailable)
rNeg    . . .        k - +0 ring mail
rPois   .            (no helmet)
rElec   .            h - +0 cloak
rCorr   .            b - +0 pair of gloves
SInv    .            (no boots)
Will    .....        e - amulet of reflection
Stlth   +            (no ring)
HPRegen 0.26/turn    (no ring)
MPRegen 0.10/turn

%: reflection
@: about to teleport, sleeping
A: high MP 1, forlorn, divine attributes
a: no special abilities


You were on level 4 of the Dungeon.
You visited 1 branch of the dungeon, and saw 4 of its levels.

You collected 148 gold pieces.


Innate Abilities, Weirdness & Mutations

You have an increased reservoir of magic. (+10% MP)
You shall have no god before yourself.
Your divine heritage dramatically boosts your attributes as you level up.


   Skills:
 - Level 2.0 Fighting
 - Level 5.6 Ranged Weapons
 + Level 0.0 Armour
 - Level 2.0 Dodging
 - Level 0.8 Stealth


You had 3 spell levels left.
You didn't know any spells.
Your spell library was empty.

Inventory:

Hand Weapons
 a - a +0 shortbow (weapon)
Armour
 b - a +0 pair of gloves (worn)
 h - a +0 cloak (worn)
 k - a +0 ring mail (worn)
Jewellery
 e - an amulet of reflection (around neck)
Scrolls
 f - a scroll of teleportation
Potions
 d - a potion of curing
 i - a potion of heal wounds
 j - a potion of haste {unknown}
 l - a potion of enlightenment {unknown}

Dungeon Overview and Level Annotations

Branches:
Dungeon (4/15)
 Temple: D:4-7

Annotations:
D:3 2 transporters, qw's ghost, amateur SpHu


Message History

You shoot an arrow. The arrow hits the sleepcap.
The sleepcap is moderately damaged.
The sleepcap closely misses you. You block the sleepcap's attack.
You shoot an arrow.
The arrow hits the sleepcap but does no damage.
The sleepcap is moderately damaged.
The sleepcap releases spores at you.
You are engulfed in a cloud of soporific spores!
You fall asleep.
The sleepcap releases spores at you!!
You wake up.
Ouch! That really hurt!
You are engulfed in a cloud of soporific spores!
You are unaffected.
You shoot an arrow. The arrow hits the sleepcap!
The sleepcap is severely damaged.
The sleepcap releases spores at you.
You shoot an arrow. The arrow hits the sleepcap.
The sleepcap is almost destroyed.
You block the sleepcap's attack.
You shoot an arrow. The arrow hits the sleepcap.
The sleepcap is almost destroyed.
You block the sleepcap's attack.
You shoot an arrow.
The arrow hits the sleepcap but does no damage.
The sleepcap is almost destroyed.
You block the sleepcap's attack. The sleepcap releases spores at you.
You are engulfed in a cloud of soporific spores!
You are unaffected.
You shoot an arrow.
The arrow hits the sleepcap but does no damage.
The sleepcap is almost destroyed.
The sleepcap releases spores at you.
2233 ||| READING 2 scrolls of teleportation.
As you read the scroll of teleportation, it crumbles to dust.
You feel strangely unstable. The sleepcap releases spores at you.
You are engulfed in a cloud of soporific spores!
You fall asleep.
The sleepcap releases spores at you!
You die...

##############
#............#
##.#########.#
#.# #<#.# #.#
#.#.#
#.#######.#.#
#.........#.#
###########@#
#f# ... .#...
#.#.... #
....## #####


You could see a sleepcap.

Vanquished Creatures
  Jessica (D:3)
  4 adders
  A ribbon worm (D:3)
  An orc (D:3)
  5 ball pythons
  6 endoplasms
  A giant cockroach (D:3)
  9 goblins
  7 hobgoblins
  11 jackals
  2 quokkas
  11 bats
  A frilled lizard (D:3)
  6 kobolds
  5 rats
71 creatures vanquished.

Notes
Turn   | Place    | Note
-------+----------+-------------------------------------------
     0 | D:1      | qw the Demigod Hunter began the quest for the Orb.
     0 | D:1      | Reached XP level 1. HP: 17/17 MP: 3/3
     0 | D:1      | 0 ||| qw: Version: 0.3-a-155-g5e7d8dd
     0 | D:1      | 0 ||| qw: Game counter: 425
     0 | D:1      | 0 ||| qw: Melee chars always use a shield: true
     0 | D:1      | 0 ||| qw: God list: Okawaru
     0 | D:1      | 0 ||| qw: Allow faded altars: false
     0 | D:1      | 0 ||| qw: Do Orc after clearing Dungeon:15 true
     0 | D:1      | 0 ||| qw: Do second Lair branch before Depths: true
     0 | D:1      | 0 ||| qw: Lair rune preference: random
     0 | D:1      | 0 ||| qw: Goals: Normal
     0 | D:1      | 0 ||| PLANNING D:1-11
    87 | D:1      | Reached skill level 4 in Ranged Weapons
   101 | D:1      | Reached XP level 2. HP: 24/24 MP: 4/4
   471 | D:1      | Reached XP level 3. HP: 24/29 MP: 5/5
   675 | D:1      | 675 ||| UPGRADING to +0 cloak.
   680 | D:1      | 680 ||| READING scroll labelled YSAWUM LUHURIX.
   734 | D:1      | 734 ||| READING 2 scrolls labelled COEBBE YBIFICO.
   737 | D:1      | 737 ||| READING scroll labelled BOGOS HEOMNO.
   738 | D:1      | 738 ||| READING scroll labelled CEIGGY BUBO.
   738 | D:1      | 738 ||| IDENTIFYING fuming amethyst potion
   739 | D:1      | 739 ||| DROPPING scroll of butterflies.
   750 | D:2      | 750 ||| STAIRDANCE
   754 | D:2      | 754 ||| STAIRDANCE
  1103 | D:2      | Reached skill level 5 in Ranged Weapons
  1347 | D:2      | Reached XP level 4. HP: 33/36 MP: 6/6
  1422 | D:2      | 1422 ||| READING scroll labelled RUIPTU XAJUPRU.
  1423 | D:2      | 1423 ||| READING scroll labelled KEOMPU JEFFENI.
  1424 | D:2      | 1424 ||| DRINKING 2 inky potions.
  1738 | D:3      | Found a transporter.
  1810 | D:3      | Found a transporter.
  1814 | D:3      | Noticed qw's ghost (amateur SpHu)
  1832 | D:3      | Noticed Jessica
  1838 | D:3      | Killed Jessica
  2126 | D:3      | 2126 ||| UPGRADING to +0 pair of gloves.
  2131 | D:3      | 2131 ||| UPGRADING to +0 ring mail.
  2141 | D:3      | 2141 ||| DROPPING +0 leather armour.
  2142 | D:3      | 2142 ||| UPGRADING to amulet of reflection.
  2147 | D:3      | 2147 ||| READING scroll of identify.
  2147 | D:3      | 2147 ||| IDENTIFYING purple potion
  2148 | D:3      | 2148 ||| DROPPING potion of attraction.
  2191 | D:4      | 2191 ||| PLANNING SEWER
  2232 | D:4      | HP: 4/36 [sleepcap (6)]
  2233 | D:4      | 2233 ||| READING 2 scrolls of teleportation.
  2234 | D:4      | Slain by a sleepcap

Levels and vault maps discovered:
D:1:      nicolae_arrival_memento_mori, layout_loops_cross
D:2:      layout_loops_ring, grunt_ministairs_10, bh_walls_and_bars
D:3:      layout_basic, mainiacjoe_overflow_tiny_flanked,
          mainiacjoe_overflow_boulevard,
          dreamdust_ecumenical_altar_hidden_monk_grotto,
          gammafunk_ghost_mausoleum, minmay_misc_feat_columns,
          minmay_misc_feat_iff, st_stairs_11, uniq_jessica
D:4:      gammafunk_steamed_eel, layout_basic,
          mainiacjoe_sewer_entry_somewhere_in_here_2, hangedman_decor_push,
          uniq_sigmund, uniq_natasha, uniq_blork_the_orc, uniq_duvessa

Skill      XL: |  1  2  3 |
---------------+----------+-----
Ranged Weapons | 4 5 |  5.6
Fighting       | 2 |  2.0
Dodging        | 2 |  2.0
Stealth        | |  0.8

Action                     |  1- 3 |  4- 6 || total
---------------------------+-------+-------++-------
   Fire: Shortbow          |   149 |    56 ||   205
    Use: Scroll            |     4 |     4 ||     8
         Potion            |       |     1 ||     1
 Armour: Leather armour    |    42 |     4 ||    46
         Ring mail         |       |     7 ||     7
  Dodge: Dodged            |    62 |     8 ||    70
  Block: Other             |       |     4 ||     4

Table legend:
 A = Non-vault XP
 B = Vault XP
 C = Vault XP percentage of total XP
 D = Non-vault monster count
 E = Vault monster count
 F = Vault count percentage of total count
                 A         B        C        D         E       F
            +---------+---------+-------+---------+---------+-------
      Total |     154 |      48 |  23.8 |      64 |       7 |   9.9
            +---------+---------+-------+---------+---------+-------
        D:1 |      58 |       0 |   0.0 |      33 |       0 |   0.0
        D:2 |      63 |       3 |   4.5 |      18 |       2 |  10.0
        D:3 |      33 |      45 |  57.7 |      13 |       5 |  27.8
            +---------+---------+-------+---------+---------+-------
